 Dungeon Crawl Stone Soup version 0.21.0-37-g46506fa (webtiles) character file.

19225 pk666 the Severer (level 12, -5/111 HPs)
             Began as a Minotaur Berserker on Jan 30, 2018.
             Was a High Priest of Trog.
             Slain by a komodo dragon (27 damage)
             ... on level 3 of the Lair of Beasts.
             The game lasted 00:32:20 (12750 turns).

pk666 the Severer (Minotaur Berserker)             Turns: 12750, Time: 00:32:21

Health: -5/111     AC: 13    Str: 25    XL:     12   Next: 34%
Magic:  11/11      EV: 14    Int:  4    God:    Trog [*****.]
Gold:   576        SH:  0    Dex: 12    Spells: 11/11 levels left

rFire    + . .     SeeInvis +   N - +3 executioner's axe (flame)
rCold    . . .     Gourm    .   (shield currently unavailable)
rNeg     . . .     Faith    +   t - +2 scale mail {rF+}
rPois    +         Spirit   .   (helmet restricted)
rElec    .         Reflect  .   n - +1 cloak
rCorr    .         Harm     .   (no gloves)
MR       .....                  (no boots)
Stlth    ..........             z - amulet of faith (curse)
HPRegen  0.28/turn              q - ring of poison resistance
MPRegen  0.12/turn              a - ring of see invisible

@: no status effects
A: retaliatory headbutt, horns 2
a: Berserk, Trog's Hand, Brothers in Arms, Burn Spellbooks, Renounce Religion


You were on level 3 of the Lair of Beasts.
You worshipped Trog.
Trog was extremely pleased with you.
You were hungry.

You visited 2 branches of the dungeon, and saw 13 of its levels.

You collected 576 gold pieces.

Inventory:

Hand Weapons
 N - a +3 executioner's axe of flaming (weapon)
Armour
 n - a +1 cloak (worn)
 t - a +2 scale mail of fire resistance (worn)
Jewellery
 a - a ring of see invisible (right hand)
 q - a ring of poison resistance (left hand)
 z - a cursed amulet of faith (around neck)
 G - a +3 ring of protection {unknown}
Wands
 w - a wand of digging (10)
 y - a wand of enslavement (17)
 D - a wand of random effects (21)
 F - a wand of scattershot (2)
Scrolls
 e - 4 scrolls of immolation {unknown}
 g - 5 scrolls of magic mapping {unknown}
 h - 13 scrolls of identify
 i - 4 scrolls of remove curse {unknown}
 j - a scroll of enchant armour {unknown}
 l - 8 scrolls of teleportation {unknown}
 r - 3 scrolls of random uselessness {unknown}
 u - 4 scrolls of noise {unknown}
 x - a scroll of enchant weapon {unknown}
 A - 3 scrolls of amnesia {unknown}
 B - 2 scrolls of fear {unknown}
 C - 2 scrolls of blinking {unknown}
 I - a scroll of silence {unknown}
 L - a scroll of brand weapon {unknown}
 O - a scroll of vulnerability {unknown}
Potions
 b - 4 potions of flight
 d - 2 potions of cancellation {unknown}
 f - 4 potions of curing
 k - a potion of lignification {unknown}
 m - 4 potions of heal wounds
 o - 2 potions of mutation {unknown}
 p - 3 potions of haste {unknown}
 s - a potion of berserk rage {unknown}
 v - a potion of degeneration {unknown}
 E - 2 potions of agility {unknown}
 H - a potion of brilliance {unknown}
 J - a potion of resistance {unknown}
 K - a potion of ambrosia {unknown}
 M - a potion of invisibility {unknown}
 P - a potion of magic {unknown}
Comestibles
 c - 26 rations


   Skills:
 + Level 11.7 Fighting
 + Level 16.4 Axes
 + Level 11.1 Armour
 + Level 7.3 Dodging
 - Level 1.2 Stealth


You had 11 spell levels left.
You didn't know any spells.

Dungeon Overview and Level Annotations

Branches:
Dungeon (10/15)            Temple (0/1) D:4            Lair (3/6) D:10
  Swamp (0/4) Lair:2       Spider (0/4) Lair:2
    Orc: D:9-12

Altars:
Hepliaklqana
Makhleb


Innate Abilities, Weirdness & Mutations

You reflexively headbutt those who attack you in melee.
You have a pair of horns on your head.


Message History

The five-headed hydra closely misses you.
The five-headed hydra bites you but does no damage.
The five-headed hydra barely misses you.
The five-headed hydra bites you.
* * * LOW HITPOINT WARNING * * *
You hack one of the five-headed hydra's heads off!
The flame cauterises the wound!
You slice the four-headed hydra!! You burn the four-headed hydra.
You kill the four-headed hydra!
Trog accepts your kill.
You start resting.
A komodo dragon comes into view.
You start resting.
You hear the brisk ticking of a very distant clock.
You start resting.
The komodo dragon bites you!
* * * LOW HITPOINT WARNING * * *
You closely miss the komodo dragon. Your headbutt misses the komodo dragon.
The komodo dragon bites you!!
You die...

..........#.....
.........#.##..
#........>...
#........... #.....P.....
#....P..#... ....P#
##....#.#
#....####......#
###.....#.#@..#..##
#..........l.....P#.
##..............#.....
##......................
#.......)............P#.
###...................P#
#..<..................##
...................##..##
.##...............P# ###


You could see a komodo dragon.

Vanquished Creatures
  The ghost of 1player the Destroyer, a journeyman DrFE of Vehumet (Lair:1)
  3 hydras
  A two-headed ogre (D:8)
  Nergalle (D:10)
  2 oklob plants (D:10)
  A wolf spider (Lair:2)
  A black mamba (Lair:1)
  6 spiny frogs (Lair:1)
  A komodo dragon (Lair:2)
  A queen bee (Lair:1)
  The ghost of p0werm0de the Skirmisher, an amateur FoCK of Xom (D:7)
  A hippogriff (D:9)
  2 dream sheep (D:9)
  12 yaks
  2 basilisks
  A wyvern (D:8)
  A hungry ghost (D:9)
  4 swamp worms (Lair:2)
  18 water moccasins
  4 orc warriors
  3 porcupines
  A black bear (D:7)
  3 sky beasts
  An ice beast (D:8)
  A phantom (D:6)
  2 centaurs
  9 ogres
  3 crocodiles
  3 big kobolds (D:9)
  11 bullfrogs
  A scorpion (D:6)
  24 killer bees (Lair:1)
  6 howler monkeys
  An electric eel (Lair:2)
  4 crimson imps
  A centaur zombie (D:10)
  A quasit (D:8)
  Crazy Yiuf (D:2)
  2 bullfrog skeletons
  4 orc priests
  4 hounds
  2 jellies
  5 orc wizards
  A centaur skeleton (D:6)
  2 iguanas
  8 worker ants
  Robin (D:3)
  3 gnolls (D:5)
  3 worker ant zombies
  17 adders
  A howler monkey skeleton (D:4)
  2 shadow imps
  4 oozes
  An adder skeleton (D:4)
  4 worms
  2 dart slugs
  7 leopard geckos
  22 orcs
  4 giant cockroaches
  16 goblins
  8 hobgoblins
  8 jackals
  2 quokkas
  11 bats
  3 frilled lizards (D:1)
  8 kobolds
  2 leopard gecko skeletons (D:4)
  A leopard gecko zombie (D:5)
  A quokka skeleton (D:4)
  A quokka zombie (D:6)
  2 rats (D:1)
  15 plants
317 creatures vanquished.

Vanquished Creatures (others)
  A fungus (Lair:3)
1 creature vanquished.

Grand Total: 318 creatures vanquished

Notes
Turn   | Place    | Note
-------+----------+-------------------------------------------
     0 | D:1      | pk666 the Minotaur Berserker began the quest for the Orb.
     0 | D:1      | Reached XP level 1. HP: 19/19 MP: 0/0
   226 | D:1      | Reached skill level 4 in Axes
   229 | D:1      | Reached XP level 2. HP: 25/27 MP: 1/1
   495 | D:1      | Reached ** piety under Trog
   495 | D:1      | Reached XP level 3. HP: 30/33 MP: 2/2
   975 | D:2      | Reached XP level 4. HP: 36/40 MP: 3/3
  1134 | D:2      | Found a runed door.
  1188 | D:2      | Found a hazy altar of Hepliaklqana.
  1302 | D:2      | Noticed Crazy Yiuf
  1308 | D:2      | Killed Crazy Yiuf
  1308 | D:2      | Reached skill level 5 in Axes
  1349 | D:3      | Noticed Robin
  1357 | D:3      | Reached XP level 5. HP: 40/47 MP: 4/4
  1365 | D:3      | Reached *** piety under Trog
  1369 | D:3      | Killed Robin
  1853 | D:3      | Received a gift from Trog
  1898 | D:4      | Reached skill level 6 in Axes
  1930 | D:4      | Reached XP level 6. HP: 45/53 MP: 5/5
  1960 | D:4      | Found a staircase to the Ecumenical Temple.
  2660 | D:4      | Reached skill level 5 in Fighting
  2715 | D:5      | Entered Level 5 of the Dungeon
  2722 | D:5      | Noticed a water moccasin
  2735 | D:5      | Killed a water moccasin
  2735 | D:5      | Reached skill level 7 in Axes
  2735 | D:5      | Reached XP level 7. HP: 49/61 MP: 6/6
  2839 | D:5      | Reached skill level 5 in Armour
  2905 | D:5      | Found a burning altar of Makhleb.
  3064 | D:5      | Reached skill level 8 in Axes
  3225 | D:5      | Reached skill level 1 in Stealth
  3480 | D:6      | Reached XP level 8. HP: 59/70 MP: 7/7
  3666 | D:6      | Reached skill level 9 in Axes
  3703 | D:6      | Reached **** piety under Trog
  4275 | D:7      | Noticed p0werm0de's ghost (amateur FoCK)
  4293 | D:7      | Killed p0werm0de's ghost
  4293 | D:7      | Reached skill level 10 in Axes
  4309 | D:7      | Reached XP level 9. HP: 41/79 MP: 8/8
  4991 | D:8      | Reached skill level 11 in Axes
  5122 | D:8      | Noticed a two-headed ogre
  5132 | D:8      | Killed a two-headed ogre
  5132 | D:8      | Reached skill level 5 in Dodging
  5492 | D:8      | Reached ***** piety under Trog
  5833 | D:9      | Reached XP level 10. HP: 89/89 MP: 9/9
  5848 | D:9      | Reached skill level 12 in Axes
  6791 | D:9      | Noticed a two-headed hydra
  6797 | D:9      | Killed a five-headed hydra
  6797 | D:9      | Reached skill level 13 in Axes
  6900 | D:10     | Entered Level 10 of the Dungeon
  7154 | D:10     | Noticed an oklob plant
  7159 | D:10     | Found a staircase to the Lair.
  7159 | D:10     | Noticed an oklob plant
  7174 | D:10     | Killed an oklob plant
  7665 | D:10     | Received a gift from Trog
  7990 | D:10     | Noticed Nergalle
  7994 | D:10     | Reached XP level 11. HP: 79/99 MP: 10/10
  8003 | D:10     | Killed Nergalle
  8003 | D:10     | Reached skill level 10 in Armour
  8362 | D:10     | Reached skill level 14 in Axes
  8589 | D:10     | Killed an oklob plant
  8589 | D:10     | Reached skill level 10 in Fighting
  8898 | Lair:1   | Entered Level 1 of the Lair of Beasts
  9261 | Lair:1   | Reached skill level 15 in Axes
  9270 | Lair:1   | Found the +8 whip "Snakebite" {curare, rPois}
  9474 | Lair:1   | Noticed 1player's ghost (journeyman DrFE)
  9527 | Lair:1   | Killed 1player's ghost
 10066 | Lair:1   | Noticed a five-headed hydra
 10072 | Lair:1   | Killed an eight-headed hydra
 10542 | Lair:1   | Reached XP level 12. HP: 52/110 MP: 11/11
 10545 | Lair:1   | Received a gift from Trog
 10947 | Lair:1   | Reached skill level 16 in Axes
 11645 | Lair:2   | Found a staircase to the Swamp.
 12125 | Lair:2   | Found a hole to the Spider Nest.
 12711 | Lair:3   | Noticed a seven-headed hydra
 12721 | Lair:3   | Killed a four-headed hydra
 12750 | Lair:3   | Slain by a komodo dragon

Skill      XL: |  1  2  3  4  5  6  7  8  9 10 11 12 |
---------------+-------------------------------------+-----
Axes           | 4 5 6 7 8 10 11 13 15 16 | 16.4
Fighting       | 4 5 6 7 8 9 11 | 11.7
Dodging        | 3 4 5 6 7 |  7.3
Armour         | 3 4 5 7 9 10 11 | 11.1
Stealth        | 1 |  1.2

Action                   |  1- 3 |  4- 6 |  7- 9 | 10-12 || total
-------------------------+-------+-------+-------+-------++-------
Melee: Hand axe          |    87 |   145 |   236 |       ||   468
       Headbutt          |    11 |    33 |    70 |    92 ||   206
       War axe           |       |       |    97 |   137 ||   234
       Battleaxe         |       |       |       |   201 ||   201
       Executioner's axe |       |       |       |    71 ||    71
Invok: Burn Spellbooks   |       |     1 |       |       ||     1
       Berserk           |       |       |     2 |     7 ||     9
       Trog's Hand       |       |       |     1 |     1 ||     2
  Use: Scroll            |       |       |     4 |       ||     4
       Potion            |       |       |       |     5 ||     5
  Eat: Chunk             |       |     6 |    12 |    23 ||    41
       Ration            |       |       |       |     2 ||     2
Armor: Ring mail         |    40 |    21 |       |       ||    61
       Animal skin       |     2 |       |       |       ||     2
       Chain mail        |       |    27 |       |       ||    27
       Scale mail        |       |    11 |   121 |   174 ||   306
Dodge: Dodged            |    51 |    72 |   152 |   267 ||   542
